Map: Yeonsu EJ

Players

Drizzt - Winner!

  • Race: Terran Terran
  • Spawn Location: 7:00

IA (Muy fácil) 1

  • Race: Protoss Protoss
  • Spawn Location: 1:00

VOD

Have the link to the VOD?

Description

Atacando a los 7 minutos con +1 Marines con Stim, escudo, 2 medevacs y minas araña, sin espionaje previo, cogiendo tercera expansión detrás de ello

Time

  • Played on: April 6, 2018, 1 p.m.
  • Length: 8:43
Show
View Real Time Build Order
Export as new Build Order

Drizzt Terran - Winner!

Build Orders: MMM Bio 

Get SALT Encoding   

  12  0:01  SCV  
  13  0:14  SCV  
  14  0:21  Supply Depot  
  14  0:26  SCV  
  15  0:32  Refinery  
  16  0:42  SCV  
  16  0:46  Barracks  
  16  0:54  SCV  
  17  1:07  SCV  
  18  1:34  Orbital Command  
  18  1:35  Marine  
  18  1:39  Command Center  
  19  2:00  Barracks Reactor  
  19  2:05  Factory  
  19  2:11  SCV  
  20  2:19  Supply Depot  
  20  2:24  SCV  
  20  2:29  Refinery  
  21  2:37  SCV  
  22  2:46  Marine x2  
  22  2:49  SCV  
  25  2:54  Supply Depot  
  25  2:59  Widow Mine  
  25  3:04  Marine x2, Starport  
  29  3:05  SCV  
  29  3:10  Orbital Command  
  30  3:18  SCV  
  31  3:21  Widow Mine  
  31  3:25  Marine x2  
  35  3:30  SCV  
  35  3:32  Supply Depot  
  36  3:42  Widow Mine  
  36  3:43  Marine x2  
  36  3:46  Engineering Bay  
  40  4:00  SCV  
  40  4:01  SCV  
  42  4:11  Viking  
  42  4:12  SCV  
  42  4:13  SCV  
  42  4:14  Marine x2  
  48  4:19  Supply Depot  
  48  4:24  SCV  
  48  4:25  SCV  
  48  4:30  Barracks  
  50  4:31  Barracks  
  50  4:34  Factory Tech Lab  
  50  4:36  Marine  
  50  4:37  Marine  
  52  4:41  Starport Tech Lab  
  52  4:54  Marine x2  
  54  5:02  Supply Depot  
  54  5:11  SCV x2  
  56  5:14  Marine x2  
  58  5:23  SCV x2  
  60  5:32  Marine x2  
  60  5:34  Factory Reactor  
  62  5:35  Starport Reactor  
  62  5:37  Terran Infantry Weapons Level 1  
  62  5:40  Stimpack  
  62  5:46  Combat Shields  
  62  5:52  Marine x2  
  62  5:53  Marine x2  
  66  6:05  Supply Depot  
  66  6:10  Marine x2  
  66  6:11  Marine x2  
  68  6:14  Widow Mine x2  
  68  6:16  Medivac x2  
  78  6:28  Marine x2  
  78  6:29  Supply Depot, Marine x2  
  82  6:36  SCV  
  83  6:43  Refinery  
  83  6:44  SCV, Refinery  
  84  6:48  SCV  
  84  6:52  Supply Depot  
  85  6:56  SCV  
  85  7:00  SCV  
  88  7:08  SCV  
  88  7:12  SCV  
  88  7:13  Concussive Shells  
  88  7:15  Supply Depot  
  89  7:20  SCV  
  90  7:25  SCV  
  91  7:30  Command Center  
  91  7:32  SCV  
  90  8:36  Barracks  
  90  8:39  Barracks  
Show
View Real Time Build Order
Export as new Build Order

IA (Muy fácil) 1 Protoss 

Build Orders:  

Get SALT Encoding   

  12  0:00  Probe  
  13  0:13  Probe  
  14  0:21  Pylon  
  14  0:37  Assimilator  
  14  0:42  Gateway  
  14  0:46  Pylon  
  14  1:15  Assimilator  
  14  1:18  Probe  
  15  1:26  Probe  
  15  1:31  Cybernetics Core  
  16  1:34  Probe  
  17  1:44  Probe  
  18  1:55  Probe  
  18  1:58  Warp Gate  
  19  2:03  Probe  
  19  2:08  Stalker  
  22  5:30  Zealot  
  22  5:31  Probe  
  22  5:33  Pylon  
  25  5:35  Robotics Facility  
  25  5:43  Probe  
  26  5:53  Probe  
  25  6:01  Probe  
  25  6:09  Probe  
  25  6:10  Pylon  
  27  6:23  Zealot  
  30  6:25  Observer  
  31  6:47  Observer  
  31  7:15  Nexus  
  31  7:16  Stalker  
  29  7:45  Stalker  
  29  7:50  Nexus  
  27  7:53  Probe  
  27  7:56  Pylon  
  16  8:05  Probe  
  16  8:14  Probe, Zealot  
  15  8:22  Probe  
  5  8:38  Pylon  
Tags
 
Composition
MMM Bio
Matchup
PvT
Spawn Locations
Cross Positions
Add a new tag
Caveats
  • Supply blocks, unpowered buildings, or Contaminate may cause inaccurate times.
  • Supply counts are checked every 10 seconds.